 Dungeon Sprint DCSS version 0.30-a0-534-gdc55766716 (webtiles) character file.

Game seed: 7367292438900340566

15799 rocky1 the Impaler (level 12, -16/108 HPs)
             Began as a Demonspawn Gladiator on Dec 25, 2022.
             Was an Initiate of Gozag.
             Demolished by a +2 dire flail of holy wrath (24 damage)
             ... in the Dungeon (Sprint III: "The Ten Rune Challenge").
             The game lasted 00:18:51 (3522 turns).

rocky1 the Impaler (Demonspawn Gladiator)           Turns: 3522, Time: 00:18:51

Health: -16/108    AC: 25    Str: 19    XL:     12   Next: 4%
Magic:  12/12      EV: 16    Int: 16    God:    Gozag
Gold:   3326       SH:  4    Dex: 18    Spells: 11/11 levels left

rFire   + . .      SeeInvis .    G - +3 glaive (protect)
rCold   + . .      Faith    .    (shield currently unavailable)
rNeg    . . .      Spirit   .    s - +0 plate armour
rPois   +          Reflect  .    c - +0 helmet
rElec   +          Harm     .    y - scarf {repulsion}
rCorr   +          Rampage  .    g - +0 pair of gloves {Dex+3}
Will    .....      NoTele   +    (boots unavailable) Stlth
                                 (no amulet)
HPRegen 0.38/turn                E - ring of Henotheism {rElec rPois}
MPRegen 0.13/turn                D - +4 ring of evasion

@: mighty, brilliant, resistant, under a protective aura, on berserk cooldown,
hasted and slowed, repel missiles
A: hooves 3, big brain 3, condensation shield, demonic magic 1
a: Renounce Religion, Potion Petition, Call Merchant, Bribe Branch


You were in the Dungeon.
You worshipped Gozag.
Gozag was most pleased with you.
You visited 1 branch You collected 11105 gold pieces.
You spent 4146 gold pieces at shops.
You paid 3633 gold pieces to Gozag.

Inventory:

Hand Weapons
 f - a +0 halberd
 l - a +5 eveningstar
 G - a +3 glaive of protection (weapon)
Missiles
 d - 2 throwing nets
 e - 5 javelins (quivered)
 o - 7 curare-tipped darts
Armour
 b - a +3 ring mail of cold resistance
 c - a +0 helmet (worn)
 g - a +0 pair of gloves of dexterity (worn)
 s - a +0 plate armour (worn)
 u - a +2 kite shield of reflection
 y - a scarf of repulsion (worn)
Jewellery
 D - a +4 ring of evasion (right hand)
 E - the ring of Henotheism (left hand) {rElec rPois}
   (You bought it in a shop in the Dungeon)

   [ring of poison resistance]

   rElec:     It insulates you from electricity.
   rPois:     It protects you from poison.
Wands
 a - a wand of paralysis (14)
 w - a wand of flame (18)
Scrolls
 k - a scroll of blinking
 n - a scroll of torment
 q - a scroll of immolation
 z - a scroll of summoning
 A - a scroll of fog
 B - a scroll of enchant weapon
 C - a scroll of brand weapon
Potions
 h - a potion of haste
 i - 2 potions of magic
 m - 8 potions of mutation
 p - 3 potions of flight
 r - a potion of might
 v - a potion of cancellation
 x - 3 potions of curing
Miscellaneous
 j - a tin of tremorstones (2/2)
 t - a lightning rod (4/4)


   Skills:
 + Level 14.5 Fighting
 + Level 15.3 Polearms
 - Level 1.7 Throwing
 + Level 11.1 Armour
 + Level 13.5 Dodging
 + Level 12.6 Evocations


You had 11 spell levels left.
You didn't know any spells.
Your spell library contained the following spells:

 Spells                   Type           Power      Damage    Failure   Level
 Shock                    Conj/Air       0%         1d3       85%         1
 Cigotuvi's Dreadful Rot  Necr/Pois/Air  0%         N/A       92%         2
 Poisonous Vapours        Pois/Air       0%         N/A       92%         2
 Mephitic Cloud           Conj/Pois/Air  0%         N/A       99%         3
 Swiftness                Air            0%         N/A       99%         3
 Airstrike                Air            0%         2d(0-16)  100%        4
 Alistair's Intoxication  Tmut/Pois      0%         N/A       100%        5
 Borgnjor's Vile Clutch   Necr/Erth      0%         N/A       100%        5
 Eringya's Noxious Bog    Tmut/Pois      0%         N/A       100%        6


Dungeon Overview and Level Annotations

Branches:
Dungeon (1/1)

Altars:
Cheibriados
Dithmenos
Fedhas
Gozag
Hepliaklqana
Kikubaaqudgha
Makhleb
Nemelex Xobeh
Okawaru
Qazlal
Ru
Sif Muna
Trog
Uskayaw
Vehumet
Wu Jian
Xom
Yredelemnul
Jiyva
Lugonu

Shops:
D :*(([!(?=?=[!:


Innate Abilities, Weirdness & Mutations

You have hooves in place of feet.
You have an absolutely massive brain. (Int +6, Wiz)
A meltable shield of frost defends you. (SH +4)
Spells you cast may paralyse adjacent enemies.


Message History

You feel yourself moving faster!
You feel mighty!
You feel clever all of a sudden. Magic courses through your body.
You are too injured to fight recklessly!
You feel a strong urge to attack something.
You are too injured to fight recklessly!
You feel your anger nearly subside.
The +2 dire flail of holy wrath hits you!
You convulse.
You are too injured to fight recklessly!
You are too injured to fight recklessly!
You are too injured to fight recklessly!
You are too injured to fight recklessly!
You are too injured to fight recklessly!
You slash the +2 dire flail of holy wrath!
Your weapon exudes an aura of protection.
The +2 dire flail of holy wrath is heavily damaged.
The +3 halberd of protection completely misses you.
The +2 dire flail of holy wrath hits you!
You convulse.
* * * LOW HITPOINT WARNING * * *
You completely miss the +2 dire flail of holy wrath.
You kick the +2 dire flail of holy wrath, but do no damage.
The +2 dire flail of holy wrath is heavily damaged.
The +2 dire flail of holy wrath hits you!
* * * LOW HITPOINT WARNING * * *
You convulse.
* * * LOW HITPOINT WARNING * * *
The +3 halberd of protection closely misses you.
You slash the +2 dire flail of holy wrath!
You kick the +2 dire flail of holy wrath, but do no damage.
The +2 dire flail of holy wrath is almost destroyed.
You are no longer berserk.
You are exhausted.
You feel yourself slow down.
The +2 dire flail of holy wrath hits you!!
* * * LOW HITPOINT WARNING * * *
You convulse!!
You die...
Your body crumbles into a pile of gold.

≈≈≈# ≈≈§§
############ §§§
#...#...#..# §≈
#...#...#..# §
##'###'##..#
###.......'..#
##.#.#####.####
#######..'.#...'.#..+
......'..#######@'..#
..########. #(####
###.∩⌠⌠∩.#.. #(#..#
#.#.∩⌠⌠∩.#.#. #.'..#
..#.∩∩∩..#.... #.#..#
§.#.∩∩∩∩.#.(...#.#..#
.§#......# #.'.#..#
..###''### #..#.#..#
..#.⌠..⌠.#)....######


You could see 2 dancing weapons.

Vanquished Creatures
  Frances (D)
  Donald (D)
  A fire dragon (D)
  Erolcha (D)
  A centaur warrior (D)
  Urug (D)
  4 orc high priests (D)
  A lindwurm (D)
  An orange crystal statue (D)
  A deep elf pyromancer (D)
  2 ugly things (D)
  2 cane toads (D)
  A rime drake (D)
  A komodo dragon (D)
  3 wandering mushrooms (D)
  4 spriggan defenders (D)
  A queen bee (D)
  2 tyrant leeches (D)
  5 blink frogs (D)
  A shadow (D)
  5 redbacks (D)
  A spatial vortex (D)
  2 orc warriors (D)
  A swamp drake (D)
  5 two-headed ogres (D)
  A necrophage (D)
  A scorpion (D)
  A water elemental (D)
  32 killer bees (D)
  A jelly (D)
  3 orc priests (D)
  Jessica (D)
  A wizard (D)
  A necromancer (D)
  An orc wizard (D)
  A kobold demonologist (D)
  3 humans (D)
  12 orcs (D)
  2 endoplasms (D)
110 creatures vanquished.

Vanquished Creatures (others)
  12 plants (D)
12 creatures vanquished.

Grand Total: 122 creatures vanquished

Notes
Turn   | Place    | Note
-------+----------+-------------------------------------------
     0 | D        | rocky1 the Demonspawn Gladiator began the quest for the
                  | Orb.
     0 | D        | Reached XP level 1. HP: 16/16 MP: 1/1
    10 | D        | Reached skill level 3 in Polearms
    18 | D        | Noticed Jessica
    22 | D        | Killed Jessica
    23 | D        | Reached skill level 4 in Polearms
    23 | D        | Gained mutation: You have large cloven feet. [demonic
                  | ancestry]
    23 | D        | Reached XP level 2. HP: 20/24 MP: 2/2
    23 | D        | Gained mutation: You have an unusually large brain. (Int
                  | +2) [demonic ancestry]
    23 | D        | Reached XP level 3. HP: 24/29 MP: 3/3
    71 | D        | Reached skill level 5 in Polearms
    74 | D        | Noticed a scorpion
    81 | D        | Killed a scorpion
    82 | D        | Reached skill level 6 in Polearms
    82 | D        | Gained mutation: You have hoof-like feet. [demonic
                  | ancestry]
    82 | D        | Reached XP level 4. HP: 14/38 MP: 4/4
   239 | D        | Noticed a water elemental
   245 | D        | Killed a water elemental
   246 | D        | Reached skill level 5 in Fighting
   246 | D        | Reached skill level 7 in Polearms
   246 | D        | Reached skill level 5 in Dodging
   246 | D        | Gained mutation: You have hooves in place of feet. [demonic
                  | ancestry]
   246 | D        | Reached XP level 5. HP: 36/45 MP: 5/5
   425 | D        | Noticed a shadow
   430 | D        | HP: 2/46 [something (30)]
   431 | D        | Killed a shadow
   432 | D        | Reached skill level 9 in Polearms
   432 | D        | Reached XP level 6. HP: 3/55 MP: 6/6
   618 | D        | Found a blossoming altar of Fedhas.
   618 | D        | Found a stormy altar of Qazlal.
   618 | D        | Found a snail-covered altar of Cheibriados.
   618 | D        | Found a burning altar of Makhleb.
   618 | D        | Found a shimmering altar of Xom.
   619 | D        | Found a hazy altar of Hepliaklqana.
   619 | D        | Found an opulent altar of Gozag.
   619 | D        | Found a sparkling altar of Nemelex Xobeh.
   619 | D        | Found a corrupted altar of Lugonu.
   619 | D        | Found a viscous altar of Jiyva.
   619 | D        | Noticed a spatial vortex
   627 | D        | Became a worshipper of Gozag Ym Sagoz the Greedy
   635 | D        | Killed a spatial vortex
   655 | D        | Found a basalt altar of Yredelemnul.
   655 | D        | Found a shadowy altar of Dithmenos.
   655 | D        | Found a sacrificial altar of Ru.
   663 | D        | Reached skill level 10 in Polearms
   663 | D        | Reached skill level 1 in Evocations
   666 | D        | Gained mutation: A meltable shield of frost defends you.
                  | (SH +4) [demonic ancestry]
   666 | D        | Reached XP level 7. HP: 32/61 MP: 7/7
   774 | D        | Found a radiant altar of Vehumet.
   774 | D        | Found a shimmering blue altar of Sif Muna.
   774 | D        | Found an ancient bone altar of Kikubaaqudgha.
   909 | D        | Found a hide-covered altar of Uskayaw.
   909 | D        | Found an iron altar of Okawaru.
   909 | D        | Found a bloodstained altar of Trog.
   909 | D        | Found an ornate altar of the Wu Jian Council.
   909 | D        | Noticed a human
   909 | D        | Noticed a human
   917 | D        | Killed a human
   924 | D        | Killed a human
   925 | D        | Reached skill level 11 in Polearms
  1008 | D        | Noticed a deep elf pyromancer
  1009 | D        | Killed a deep elf pyromancer
  1010 | D        | Gained mutation: You have an extremely huge brain. (Int +4)
                  | [demonic ancestry]
  1010 | D        | Reached XP level 8. HP: 63/71 MP: 8/8
  1054 | D        | Reached skill level 5 in Evocations
  1157 | D        | Noticed a two-headed ogre
  1166 | D        | Killed a two-headed ogre
  1331 | D        | Noticed Erolcha
  1332 | D        | Noticed a two-headed ogre
  1334 | D        | Killed Erolcha
  1335 | D        | Reached skill level 10 in Fighting
  1335 | D        | Reached skill level 12 in Polearms
  1335 | D        | Reached skill level 5 in Armour
  1335 | D        | Gained mutation: You have an absolutely massive brain. (Int
                  | +6, Wiz) [demonic ancestry]
  1335 | D        | Reached XP level 9. HP: 47/78 MP: 9/9
  1335 | D        | Killed a two-headed ogre
  1347 | D        | Reached skill level 10 in Dodging
  1477 | D        | Found Geiwias's Book Boutique.
  1478 | D        | Noticed an orc high priest
  1480 | D        | Noticed an orange demon
  1480 | D        | Killed an orc high priest
  1701 | D        | Bought a scroll of identify for 64 gold pieces
  1701 | D        | Bought a pair of glowing gloves for 240 gold pieces
  1701 | D        | Bought a potion of might for 128 gold pieces
  1701 | D        | Bought a lightning rod (4/4) for 960 gold pieces
  1701 | D        | Bought a small onyx ring for 160 gold pieces
  1719 | D        | Noticed a wandering mushroom
  1724 | D        | Noticed a wandering mushroom
  1739 | D        | Killed a wandering mushroom
  1740 | D        | Gained mutation: Spells you cast may paralyse adjacent
                  | enemies. [demonic ancestry]
  1740 | D        | Reached XP level 10. HP: 88/88 MP: 10/10
  1752 | D        | Reached skill level 13 in Polearms
  1776 | D        | Noticed a cane toad
  1776 | D        | Noticed a cane toad
  1777 | D        | Killed a cane toad
  1778 | D        | Killed a cane toad
  1940 | D        | Noticed a lindwurm
  1945 | D        | Killed a lindwurm
  1959 | D        | Reached skill level 10 in Evocations
  1959 | D        | Noticed Urug
  1979 | D        | Killed Urug
  2200 | D        | Reached skill level 14 in Polearms
  2200 | D        | Reached XP level 11. HP: 52/96 MP: 11/11
  2647 | D        | Noticed Donald
  2648 | D        | Noticed Frances
  2650 | D        | Killed Frances
  2654 | D        | Killed Donald
  2655 | D        | Reached skill level 10 in Armour
  2671 | D        | Noticed a soul eater
  2719 | D        | Noticed an orange crystal statue
  2740 | D        | Killed an orange crystal statue
  2752 | D        | Found Yfotzigg's Jewellery Emporium.
  2752 | D        | Found Vomiub's Jewellery Shop.
  2752 | D        | Found Waubaahi's Book Shoppe.
  2752 | D        | Found Jahon's Magic Scroll Boutique.
  2752 | D        | Found Wesoukar's Magic Scroll Emporium.
  2752 | D        | Found Funaap's Distillery.
  2752 | D        | Found Qoddujoe's Antique Armour Boutique.
  2753 | D        | Found Weeluh's Antique Weapon Boutique.
  2753 | D        | Found Ugytu's Distillery.
  2753 | D        | Found Cumukhli's Antique Armour Shop.
  2753 | D        | Found Luab Fargh's Antique Weapon Emporium.
  2788 | D        | Bought a potion of cancellation for 104 gold pieces
  2788 | D        | Bought a potion of heal wounds for 65 gold pieces
  2788 | D        | Bought 2 potions of curing for 78 gold pieces
  2788 | D        | Bought a potion of flight for 39 gold pieces
  2789 | D        | Bought an embroidered scarf for 152 gold pieces
  2799 | D        | Bought a scroll of blinking for 82 gold pieces
  2799 | D        | Bought a scroll of identify for 22 gold pieces
  2799 | D        | Bought a scroll of fog for 44 gold pieces
  2801 | D        | Bought a scroll of summoning for 114 gold pieces
  2801 | D        | Bought a scroll of enchant weapon for 90 gold pieces
  2801 | D        | Bought a scroll of brand weapon for 114 gold pieces
  2801 | D        | Bought a scroll of brand weapon for 114 gold pieces
  2802 | D        | Bought a +4 ring of evasion for 360 gold pieces
  2802 | D        | Bought the ring of Henotheism {rElec rPois} for 340 gold
                  | pieces
  2806 | D        | Bought a potion of curing for 36 gold pieces
  2806 | D        | Bought a potion of mutation for 96 gold pieces
  2806 | D        | Bought a potion of mutation for 96 gold pieces
  2806 | D        | Bought 2 potions of mutation for 192 gold pieces
  2809 | D        | Bought a topaz-encrusted chain mail for 247 gold pieces
  2809 | D        | Identified the +2 chain mail of Beastly Creativity {*Slow
                  | rCorr Str+2 Stlth+} (You bought it in a shop in the
                  | Dungeon)
  2810 | D        | Bought a runed glaive for 209 gold pieces
  2870 | D        | Reached skill level 15 in Polearms
  2882 | D        | HP: 4/100 [spriggan defender/+0 dagger (13)]
  3132 | D        | Noticed a centaur warrior
  3132 | D        | Noticed a purple ugly thing
  3144 | D        | Killed a purple ugly thing
  3152 | D        | Killed a centaur warrior
  3265 | D        | Noticed a brown ugly thing
  3266 | D        | Noticed a fire dragon
  3275 | D        | Killed a brown ugly thing
  3288 | D        | Killed a fire dragon
  3289 | D        | Reached XP level 12. HP: 27/108 MP: 12/12
  3522 | D        | Demolished by a +2 dire flail of holy wrath

Illustrated notes

Levels and vault maps discovered:
D:        dungeon_sprint_mu [sprint_mu_entry_cave, sprint_mu_temple_rooms,
          sprint_mu_d1_spiders, sprint_mu_d2_genie, sprint_mu_d3_branching,
          sprint_mu_orc_legion, sprint_mu_elf_gauntlet, sprint_mu_hive_nellie,
          sprint_mu_lair_fedhas, sprint_mu_vaults_butterflies,
          sprint_mu_slime_circle, sprint_mu_swamp_cave, sprint_mu_snake_twists,
          sprint_mu_blade_basic, sprint_mu_crypt_chambers,
          sprint_mu_tomb_spiral, sprint_mu_vestibule_basic,
          sprint_mu_gehenna_hellfire, sprint_mu_dis_giant,
          sprint_mu_tartarus_statrot, sprint_mu_cocytus_islands, sprint_mu_zot1]

Skill      XL: |  1  2  3  4  5  6  7  8  9 10 11 |
---------------+----------------------------------+-----
Polearms       | 4 6 7 9 10 11 12 14 15 | 15.3
Dodging        | 3 4 5 6 7 8 9 10 11 13 | 13.5
Fighting       | 3 4 5 7 9 10 11 12 14 | 14.5
Evocations     | 1 4 6 8 10 12 | 12.6
Armour         | 2 5 6 8 11 | 11.1
Throwing       | |  1.7

Action                   |  1- 3 |  4- 6 |  7- 9 | 10-12 || total
-------------------------+-------+-------+-------+-------++-------
Melee: Trident           |    20 |    30 |    69 |       ||   119
       Kick              |     3 |    15 |    24 |    70 ||   112
       Punch             |       |       |     2 |       ||     2
       Halberd           |       |       |    17 |   137 ||   154
       Glaive            |       |       |       |    78 ||    78
Throw: Throwing net      |     3 |       |       |       ||     3
       Javelin           |     1 |     1 |       |       ||     2
Invok: Call Merchant     |       |       |     2 |       ||     2
       Potion Petition   |       |       |     1 |     4 ||     5
Evoke: Tin of tremorston |       |       |     9 |     5 ||    14
       Lightning rod     |       |       |       |     7 ||     7
  Use: Potion            |       |     1 |     3 |     2 ||     6
       Scroll            |       |       |       |     7 ||     7
 Stab: Sleeping          |     1 |       |       |       ||     1
       Distracted        |       |       |       |     1 ||     1
Armor: Leather armour    |     3 |     1 |     2 |       ||     6
       Plate armour      |       |       |    13 |    98 ||   111
Dodge: Dodged            |     4 |     2 |    21 |   106 ||   133
       Repelled          |       |       |       |     1 ||     1
Block: Other             |       |       |     9 |    32 ||    41

Table legend: (Time is in decaauts)
 A = Elapsed time spent in this place.
 B = Non-inter-level travel time spent in this place.
 C = Inter-level travel time spent in this place.
 D = Time resting spent in this place.
 E = Time spent auto-exploring this place.
 F = Levels seen in this place.
 G = Mean time per level.
                   A        B        C        D        E       F      G
               +--------+--------+--------+--------+--------+-----+--------+
         Total |   3506 |   3448 |     58 |   2100 |     10 |   1 | 3506.0 |
       Dungeon |   3506 |   3448 |     58 |   2100 |     10 |   1 | 3506.0 |
               +--------+--------+--------+--------+--------+-----+--------+

Top non-repeatable levels by time:
       D: 3506 daAuts
